 Dungeon Crawl Stone Soup version 0.28-a0-1524-ge72afd5fc6 (webtiles) character file.

Game seed: 5694811611226254474

10139 sbbq2022 the Transmogrifier (level 11, 0/56 HPs)
             Began as a Vine Stalker Transmuter on Jan 18, 2022.
             Was a Follower of Uskayaw.
             Slain by an entropy weaver simulacrum (5 damage)
             ... in an ice cave.
             The game lasted 00:24:41 (11414 turns).

sbbq2022 the Transmogrifier (VSTm)                 Turns: 11414, Time: 00:24:42

Health: 0/56       AC: 10    Str: 20    XL:     11   Next: 57%
Magic:  0/22       EV: 13    Int: 12    God:    Uskayaw [*.....]
Gold:   389        SH:  0    Dex: 14    Spells: 20/23 levels left

rFire   . . .      SeeInvis .   B - +2 short sword (elec)
rCold   + . .      Faith    .   (no shield)
rNeg    + . .      Spirit   +   p - +1 ring mail "Berpho Burry" {rPois rC+ Str+6 Int-5}
rPois   +          Reflect  .   (no helmet)
rElec   .          Harm     .   s - +0 cloak {Will+}
rCorr   .          Rampage  .   v - +0 pair of gloves
Will    ++...                   j - +0 pair of boots
Stlth   ++........              (no amulet)
HPRegen 0.98/turn               y - ring of positive energy
MPRegen 0.18/turn               (no ring)

@: no status effects
A: fangs 3, regeneration 1, magic shield, antimagic bite, no potion heal 2
a: Renounce Religion, Stomp


You were in an ice cave.
You worshipped Uskayaw.
Uskayaw was noncommittal.
You visited 2 branches of the dungeon, and saw 12 of its levels.
You also visited: Ice Cave.

You collected 389 gold pieces.

Inventory:

Hand Weapons
 a - a +2 short sword of speed
 w - a +2 dagger of draining
 B - a +2 short sword of electrocution (weapon)
Missiles
 r - a throwing net
Armour
 j - a +0 pair of boots (worn)
 m - +0 acid dragon scales
 p - the +1 ring mail "Berpho Burry" (worn) {rPois rC+ Str+6 Int-5}
   (You took it off an orc on level 5 of the Dungeon)

   Str:       It affects your strength (+6).
   Int:       It affects your intelligence (-5).
   rC:        It protects you from cold.
   rPois:     It protects you from poison.
 s - a +0 cloak of willpower (worn)
 v - a +0 pair of gloves (worn)
Jewellery
 g - a ring of fire
 y - a ring of positive energy (left hand)
Wands
 h - a wand of acid (6)
 n - a wand of iceblast (13)
Scrolls
 f - 4 scrolls of teleportation
 k - 3 scrolls of amnesia
 q - 2 scrolls of fear {unknown}
 x - a scroll of silence {unknown}
 z - a scroll of blinking {unknown}
 A - a scroll of enchant weapon {unknown}
Potions
 b - 2 potions of might
 c - 3 potions of curing
 d - 3 potions of flight
 i - 2 potions of lignification
 l - a potion of haste
 o - a potion of attraction
 t - a potion of berserk rage
 u - a potion of brilliance


   Skills:
 + Level 5.7 Fighting
 * Level 7.2 Short Blades
 + Level 5.1 Armour
 + Level 5.5 Dodging
 + Level 5.0 Stealth
 - Level 3.0 Unarmed Combat
 + Level 6.7 Spellcasting
 * Level 9.3 Transmutations


You had 20 spell levels left.
You knew the following spells:

 Your Spells              Type           Power      Damage    Failure   Level
a - Beastly Appendage     Tmut           52%        N/A       1%          1
b - Wereblood             Tmut           26%        N/A       1%          2

Your spell library contained the following spells:

 Spells                   Type           Power      Damage    Failure   Level
 Sting                    Tmut/Pois      60%        1d6       4%          1
 Spider Form              Tmut/Pois      15%        N/A       12%         3
 Ice Form                 Ice/Tmut       15%        N/A       36%         4
 Poisonous Vapours        Pois/Air       8%         N/A       38%         2
 Scorch                   Fire           8%         2d5       38%         2
 Dazzling Flash           Conj/Hex       8%         N/A       63%         3
 Flame Wave               Conj/Fire      4%         2d4       95%         4
 Iskenderun's Mystic Bla  Conj/Tloc      4%         2d3       95%         4
 Olgreb's Toxic Radiance  Pois           4%         N/A       95%         4
 Starburst                Conj/Fire      2%         6d3       100%        6
 Summon Cactus Giant      Summ           2%         N/A       100%        6


Dungeon Overview and Level Annotations

Branches:
Dungeon (11/15)            Temple (1/1) D:4            Lair (0/6) D:8
    Orc (0/2) D:10          IceCv (1/1)

Altars:
Cheibriados
Dithmenos
Elyvilon
Fedhas
Gozag
Hepliaklqana
Kikubaaqudgha
Makhleb
Okawaru
Qazlal
Sif Muna
Trog
Uskayaw
Xom
Yredelemnul
Zin
The Shining One

Shops:
D:7 *

Annotations:
D:2 Sigmund
D:4 1 runed translucent door, Pooter's ghost, amateur MiBe
D:7 2 transporters, Clumpoid's ghost, novice TrFi


Innate Abilities, Weirdness & Mutations

You have razor-sharp teeth.
Your natural rate of healing is unusually fast.
When hurt, damage is shared between your health and your magic reserves.
Your bite disrupts and absorbs the magic of your enemies.
Potions cannot restore your health.


Message History

You recover from your berserk rage.
Unknown command.
HP restored.
Magic restored.
An entropy weaver simulacrum comes into view.
Unknown command.
You hit the entropy weaver simulacrum but do no damage.
Your bite misses the entropy weaver simulacrum.
The entropy weaver simulacrum hits you but does no damage.
The entropy weaver simulacrum hits you!
The entropy weaver simulacrum freezes you!
You resist. The entropy weaver simulacrum hits you.
The entropy weaver simulacrum freezes you!
You resist. The entropy weaver simulacrum hits you.
The entropy weaver simulacrum freezes you!!
You resist.
* * * LOW HITPOINT WARNING * * *
Unknown command.
Okay, then.
Aiming: Corrosive Bolt
Press: ? - help, Shift-Dir - straight line, f - entropy weaver simulacrum
Aim: an entropy weaver simulacrum (79% to hit)
The bolt of acid misses the entropy weaver simulacrum.
The entropy weaver simulacrum hits you but does no damage. x2
The entropy weaver simulacrum barely misses you.
The entropy weaver simulacrum hits you!
* * * LOW HITPOINT WARNING * * *
The entropy weaver simulacrum freezes you!
You resist.
* * * LOW HITPOINT WARNING * * *
Unknown command.
Unknown command.
Aiming: Corrosive Bolt
Press: ? - help, Shift-Dir - straight line, f/p - entropy weaver simulacrum
Aim: an entropy weaver simulacrum (79% to hit)
The bolt of acid hits the entropy weaver simulacrum!
The acid corrodes the entropy weaver simulacrum!
The entropy weaver simulacrum is moderately damaged.
The entropy weaver simulacrum hits you.
You die...

#.. #..
..## #..#
#..# ###
#.####.##
#..##...#
#..@..∩∩#
#.Z##...#
##.####.##
#..# ###
#..# #.##
#.. #..
..#


You could see an entropy weaver simulacrum (corroded).

Vanquished Creatures
  An ice dragon (D:11)
  A cyclops (D:8)
  A manticore (D:9)
  An ugly thing (D:11)
  Joseph (D:7)
  Maggie (D:7)
  2 polar bears
  A troll (D:7)
  A wyvern (D:9)
  A wraith (D:8)
  12 yaks
  A shadow (D:9)
  A steam dragon (D:8)
  3 vampire mosquitoes (D:9)
  2 demonic crawler simulacra (IceCv)
  Duvessa (D:7)
  A water moccasin (D:7)
  7 orc warriors
  A sky beast (D:3)
  2 black bears (D:6)
  An ice beast (D:5)
  3 necrophages
  5 ogres
  2 wolves (D:11)
  A centaur (D:6)
  A kobold brigand (D:7)
  2 wyvern zombies
  A gnoll sergeant (D:5)
  4 bullfrogs
  A water moccasin zombie (D:5)
  Dowan (D:7)
  A water moccasin skeleton (D:5)
  8 wights
  7 howler monkeys
  A bullfrog zombie (D:7)
  2 centaur zombies
  4 orc priests
  A hound (D:7)
  A centaur skeleton (D:5)
  3 iguanas
  10 orc wizards
  A killer bee zombie (D:8)
  A hound zombie (D:5)
  2 howler monkey zombies
  8 gnolls
  A howler monkey skeleton (D:6)
  12 adders
  3 shadow imps
  3 ufetubi
  3 worms (D:2)
  2 dart slugs (D:3)
  35 orcs
  4 ball pythons
  5 endoplasms
  4 giant cockroaches (D:1)
  5 goblins
  5 hobgoblins
  10 kobolds
  2 quokkas
  5 bats
  A frilled lizard (D:1)
  6 rats
220 creatures vanquished.

Vanquished Creatures (others)
  3 plants (D:4)
3 creatures vanquished.

Grand Total: 223 creatures vanquished

Notes
Turn   | Place    | Note
-------+----------+-------------------------------------------
     0 | D:1      | sbbq2022 the Vine Stalker Transmuter began the quest for
                  | the Orb.
     0 | D:1      | Reached XP level 1. HP: 9/9 MP: 4/4
    71 | D:1      | Reached skill level 1 in Fighting
   196 | D:1      | Reached XP level 2. HP: 12/14 MP: 3/6
   878 | D:2      | Noticed Sigmund
   928 | D:2      | Reached XP level 3. HP: 5/18 MP: 3/7
   933 | D:2      | Found a faded altar of an unknown god.
  1693 | D:2      | Reached skill level 1 in Armour
  1693 | D:2      | Gained mutation: Your natural rate of healing is unusually
                  | fast. [Vine Stalker growth]
  1693 | D:2      | Reached XP level 4. HP: 22/22 MP: 6/8
  1774 | D:2      | Reached skill level 3 in Transmutations
  2182 | D:2      | Reached XP level 5. HP: 14/26 MP: 6/10
  2355 | D:1      | Learned a level 2 spell: Wereblood
  2515 | D:3      | Found a white marble altar of Elyvilon.
  2825 | D:3      | Reached XP level 6. HP: 27/30 MP: 7/11
  2863 | D:3      | Noticed a sky beast
  2882 | D:3      | Killed a sky beast
  2883 | D:3      | Reached skill level 4 in Transmutations
  3772 | D:4      | Noticed Pooter's ghost (amateur MiBe)
  3773 | D:4      | Found a runed translucent door.
  3817 | D:4      | Found a staircase to the Ecumenical Temple.
  3830 | Temple   | Entered the Ecumenical Temple
  3907 | Temple   | Became a worshipper of Uskayaw the Reveller
  4011 | D:4      | Found a glowing golden altar of the Shining One.
  4047 | D:4      | Reached * piety under Uskayaw
  4059 | D:4      | Reached ** piety under Uskayaw
  4105 | D:4      | Noticed a necrophage
  4114 | D:4      | Reached *** piety under Uskayaw
  4115 | D:4      | Killed a necrophage
  4116 | D:4      | Reached XP level 7. HP: 29/35 MP: 13/13
  4394 | D:5      | Entered Level 5 of the Dungeon
  4482 | D:5      | Found a shadowy altar of Dithmenos.
  4482 | D:5      | Found a basalt altar of Yredelemnul.
  4563 | D:5      | Reached skill level 1 in Short Blades
  4594 | D:5      | Reached skill level 5 in Transmutations
  4836 | D:5      | Identified the +1 ring mail "Berpho Burry" {rPois rC+ Str+6
                  | Int-5}
  4842 | D:5      | Gained mutation: You have razor-sharp teeth. [Vine Stalker
                  | growth]
  4842 | D:5      | Reached XP level 8. HP: 29/40 MP: 8/15
  5282 | D:6      | Found an ancient bone altar of Kikubaaqudgha.
  5583 | D:6      | Reached skill level 6 in Transmutations
  6004 | D:6      | Reached XP level 9. HP: 38/45 MP: 8/17
  6012 | D:6      | Found a sand-covered staircase.
  6474 | D:7      | Found a transporter.
  6477 | D:7      | Noticed Joseph
  6565 | D:7      | Noticed Maggie
  6660 | D:7      | Noticed Dowan
  6661 | D:7      | Noticed Duvessa
  6717 | D:7      | Killed Duvessa
  6802 | D:7      | Reached **** piety under Uskayaw
  6808 | D:7      | Killed Maggie
  7009 | D:7      | Killed Dowan
  7010 | D:7      | Reached skill level 5 in Spellcasting
  7123 | D:7      | Found a transporter.
  7124 | D:7      | Noticed a two-headed ogre
  7127 | D:7      | Noticed a moth of wrath
  7138 | D:7      | Found a bloodstained altar of Trog.
  7139 | D:7      | Noticed Clumpoid's ghost (novice TrFi)
  7484 | D:7      | Reached skill level 7 in Transmutations
  7491 | D:7      | Reached ***** piety under Uskayaw
  7496 | D:7      | Killed Joseph
  7578 | D:7      | Reached skill level 5 in Short Blades
  7622 | D:7      | Found Eshoitik's General Store.
  7838 | D:8      | Noticed a troll
  7870 | D:7      | Reached XP level 10. HP: 27/47 MP: 16/19
  7902 | D:7      | Reached skill level 1 in Stealth
  8112 | D:8      | Found a staircase to the Lair.
  8330 | D:8      | Noticed a cyclops
  8359 | D:8      | Killed a cyclops
  8514 | D:8      | Found an opulent altar of Gozag.
  8554 | D:8      | Reached skill level 8 in Transmutations
  9114 | D:9      | Reached skill level 5 in Fighting
  9458 | D:9      | Noticed a manticore
  9613 | D:9      | Killed a manticore
  9614 | D:9      | Reached skill level 5 in Dodging
  9884 | D:10     | Entered Level 10 of the Dungeon
  9977 | D:9      | Reached XP level 11. HP: 35/56 MP: 11/21
 10482 | D:10     | Found a staircase to the Orcish Mines.
 10888 | D:11     | Found a frozen archway.
 10891 | D:11     | Noticed an ice dragon
 10910 | D:11     | Reached skill level 9 in Transmutations
 11050 | D:11     | Reached skill level 5 in Armour
 11181 | D:11     | Noticed a purple ugly thing
 11186 | D:11     | Killed a purple ugly thing
 11251 | D:11     | Killed an ice dragon
 11269 | D:11     | Reached skill level 5 in Stealth
 11278 | IceCv    | Entered an ice cave
 11414 | IceCv    | Slain by an entropy weaver simulacrum

Illustrated notes

Levels and vault maps discovered:
D:1:      dpeg_arrival_shelter, layout_rooms, serial_corexii_hall,
          corexii_hall_statues_s, corexii_hall_statues_u,
          corexii_hall_statues_u, chequers_hall_statues_corner_a,
          kennysheep_pointless_box, grunt_decor_fettered, minmay_misc_feat_tower
D:2:      layout_basic, basic_ecumenical_altar, minmay_circle_x, uniq_sigmund
D:3:      layout_loops_ring, mainiacjoe_overflow_six_doors_small,
          serial_bayou_pond_e
D:4:      layout_gridville, mainiacjoe_overflow_boulevard,
          minmay_temple_entry_ruins, hellmonk_ghost_happy_afterlife,
          serial_forest, infiniplex_forest_pool, infiniplex_forest_clump_cross,
          infiniplex_forest_diagonal, infiniplex_forest_lined_ring
D:5:      layout_basic, mainiacjoe_overflow_large_starburst, kennysheep_boxes
D:6:      layout_basic, nicolae_kikubaaqudgha_miasma_corner, enter_ossuary_1,
          roderic_three_in_a_row
D:7:      layout_basic, serial_shops, shop, gammafunk_ghost_wrathful_warriors,
          uniq_duvessa, uniq_maggie, uniq_joseph
D:8:      kennysheep_blocky_room, layout_rooms,
          mainiacjoe_overflow_cross_hatched
D:9:      layout_basic
D:10:     layout_rooms, orc_0_dummy, minmay_holes, serial_bayou_pond_c,
          roderic_lattice_a
D:11:     layout_loops_ring, portal_ice_cave_entry_animals_and_master
Temple:   eino_temple_scatter_basement
IceCv:    ice_cave_hellmonk_azure_passage

Skill      XL: |  1  2  3  4  5  6  7  8  9 10 11 |
---------------+----------------------------------+-----
Fighting       | 1 2 3 4 5 |  5.7
Dodging        | 2 3 4 5 |  5.5
Armour         | 1 2 3 4 5 |  5.1
Transmutations | 3 4 5 6 7 8 9 |  9.3
Spellcasting   | 3 4 5 6 |  6.7
Short Blades   | 2 3 5 6 7 |  7.2
Stealth        | 3 5 |  5.0
Unarmed Combat | |  3.0

Action                   |  1- 3 |  4- 6 |  7- 9 | 10-12 || total
-------------------------+-------+-------+-------+-------++-------
Melee: Unarmed           |    60 |   156 |   188 |       ||   404
       Bite              |    14 |    42 |   110 |   157 ||   323
       Kick              |    16 |    42 |    93 |    45 ||   196
       Headbutt          |    11 |    18 |    84 |    24 ||   137
       Punch             |     1 |     4 |    10 |    18 ||    33
       Short sword       |       |       |   149 |   440 ||   589
 Cast: Beastly Appendage |    18 |    31 |    39 |    13 ||   101
Evoke: Wand              |       |       |     5 |     4 ||     9
  Use: Scroll            |       |       |     7 |     3 ||    10
       Potion            |       |       |       |     2 ||     2
 Stab: Paralysed         |       |     1 |     4 |    16 ||    21
       Distracted        |       |     1 |       |       ||     1
       Sleeping          |       |       |       |     1 ||     1
Armor: Robe              |     8 |    31 |    32 |       ||    71
       Acid dragon scale |       |       |    18 |   108 ||   126
       Ring mail         |       |       |       |     8 ||     8
Dodge: Dodged            |    24 |   101 |   186 |   249 ||   560

Table legend: (Time is in decaauts)
 A = Elapsed time spent in this place.
 B = Non-inter-level travel time spent in this place.
 C = Inter-level travel time spent in this place.
 D = Time resting spent in this place.
 E = Time spent auto-exploring this place.
 F = Levels seen in this place.
 G = Mean time per level.
                   A        B        C        D        E       F      G
               +--------+--------+--------+--------+--------+-----+--------+
         Total |  11224 |  10309 |    915 |   1079 |   6310 |  13 |  863.4 |
       Dungeon |  10990 |  10093 |    897 |   1066 |   6140 |  11 |  999.1 |
        Temple |     96 |     78 |     18 |      0 |     65 |   1 |   96.0 |
      Ice Cave |    137 |    137 |      0 |     13 |    105 |   1 |  137.0 |
               +--------+--------+--------+--------+--------+-----+--------+

Top non-repeatable levels by time:
     D:2: 1827 daAuts
     D:7: 1329 daAuts
     D:6: 1273 daAuts
     D:9: 1047 daAuts
     D:1: 1045 daAuts
     D:8: 927 daAuts
     D:5: 894 daAuts
     D:3: 832 daAuts
    D:10: 746 daAuts
     D:4: 622 daAuts
    D:11: 444 daAuts
   IceCv: 137 daAuts
  Temple: 96 daAuts
